 Dungeon Crawl Stone Soup version 0.24-a0-130-ga3c21ff (webtiles) character file.

Game seed: 15721680832418538049

5649 emperorscorpion the Slicer (level 10, -1/79 HPs)
             Began as a Vine Stalker Skald on Feb 27, 2019.
             Was a Priest of Okawaru.
             Slain by a killer bee (5 damage)
             ... on level 9 of the Dungeon.
             The game lasted 00:24:53 (8963 turns).

emperorscorpion the Slicer (Vine Stalker Skald)     Turns: 8963, Time: 00:24:55

Health: -1/79      AC: 25    Str: 21    XL:     10   Next: 74%
Magic:  0/17       EV:  2    Int: 20    God:    Okawaru [***...]
Gold:   476        SH:  0    Dex: 19    Spells: 10/17 levels left

rFire    + . .     SeeInvis .   a - +2 rapier (drain)
rCold    + . .     Gourm    .   (no shield)
rNeg     + + +     Faith    +   (armour currently unavailable)
rPois    +         Spirit   +   (helmet currently unavailable)
rElec    +         Reflect  .   (cloak currently unavailable)
rCorr    +         Harm     .   (gloves currently unavailable)
MR       ++...     NoTele   +   (boots currently unavailable)
Stlth    +++++.....             K - amulet of faith
HPRegen  1.63/turn              x - +6 ring of intelligence
MPRegen  0.15/turn              J - ring of protection from magic

@: mighty, agile, lethally poisoned (-1 -> -1), tree-form, resistant,
regenerating (expiring)
A: regeneration 1, magic shield, no potion heal 3, rot immunity
a: Heroism, Renounce Religion


You were on level 9 of the Dungeon.
You worshipped Okawaru.
Okawaru was most pleased with you.
You were not hungry.
You were a tree.
You visited 2 branches of the dungeon, and saw 10 of its levels.
You also visited: Sewer.

You collected 476 gold pieces.

Inventory:

Hand Weapons
 a - a +2 rapier of draining (weapon)
 b - a +1 dagger of freezing
 t - a +0 short sword
 v - a +0 short sword of flaming
 D - the cursed +0 dire flail of Absolution {protect, +Fly SInv}
   (You took it off an ogre on level 4 of the Dungeon)

   It protects the one who uses it against injury (+AC on strike).
   It lets you see invisible.
   It lets you fly.
   It has a curse placed upon it.
Missiles
 y - 20 poisoned needles
 C - 6 tomahawks (quivered)
Armour
 c - a +2 cloak (melded)
 e - a +0 pair of gloves (melded)
 l - a +0 ring mail (melded)
 p - a +0 helmet (melded)
 I - a +0 leather armour
 Q - a scarf of spirit shield
Magical Staves
 s - an uncursed staff of conjuration
Jewellery
 g - an uncursed amulet of the gourmand
 h - an uncursed amulet of inaccuracy
 j - an uncursed amulet of the acrobat
 w - a cursed ring of attention {unknown}
 x - a +6 ring of intelligence (left branch)
 J - a ring of protection from magic (right branch)
 K - an amulet of faith (around neck)
 M - an uncursed ring of protection from fire
 P - a +4 ring of dexterity {unknown}
Wands
 o - a wand of random effects (18)
 r - a wand of iceblast (21)
 E - a wand of paralysis (7)
 L - a wand of flame (35)
Scrolls
 u - 2 scrolls of blinking
 z - 4 scrolls of magic mapping
 B - 2 scrolls of remove curse
 F - a scroll of teleportation
Potions
 i - 3 potions of heal wounds
 k - 4 potions of brilliance
 m - a potion of haste
 q - 3 potions of lignification
 A - a potion of resistance
Comestibles
 d - 20 rations
 N - 2 chunks of flesh


   Skills:
 + Level 5.9 Fighting
 + Level 8.0 Short Blades
 + Level 0.1 Throwing
 + Level 4.9 Armour
 + Level 5.2 Dodging
 + Level 7.1 Stealth
 - Level 4.2 Spellcasting
 - Level 2.1 Hexes
 - Level 4.5 Charms
 + Level 0.8 Necromancy


You had 10 spell levels left.
You knew the following spells:

 Your Spells              Type           Power        Failure   Level  Hunger
a - Infusion              Chrm           ###.         1%          1    None
b - Spectral Weapon       Hex/Chrm       ###.....     10%         3    ###....
r - Regeneration          Chrm/Necr      ##........   13%         3    ###....

Your spell library contained the following spells:

 Spells                   Type           Power        Failure   Level  Hunger
 Song of Slaying          Chrm           ###.....     3%          2    #......
 Confusing Touch          Hex            ##....       5%          1    None
 Corona                   Hex            ##.....      5%          1    None
 Shroud of Golubria       Chrm/Tloc      ##........   8%          2    #......
 Slow                     Hex            ##......     8%          2    #......
 Animate Skeleton         Necr           N/A          9%          1    None
 Apportation              Tloc           #.....       13%         1    None
 Summon Small Mammal      Summ           #...         13%         1    None
 Call Imp                 Summ           #.......     19%         2    #......
 Inner Flame              Hex/Fire       #.......     24%         3    ###....
 Portal Projectile        Hex/Tloc       #.....       24%         3    ###....
 Summon Guardian Golem    Hex/Summ       #.......     24%         3    ###....
 Call Canine Familiar     Summ           #.......     36%         3    ###....
 Cause Fear               Hex            ##........   45%         4    ####...
 Leda's Liquefaction      Hex/Erth       #.........   63%         4    ####...
 Summon Ice Beast         Ice/Summ       #.......     77%         4    ####...
 Summon Lightning Spire   Summ/Air       #.......     77%         4    ####...


Dungeon Overview and Level Annotations

Branches:
Dungeon (9/15)             Temple (1/1) D:4             Orc (0/2) D:9
   Lair: D:8-11

Altars:
Ashenzari
Cheibriados
Dithmenos
Elyvilon
Gozag
Hepliaklqana
Kikubaaqudgha
Makhleb
Nemelex Xobeh
Okawaru
Ru
Sif Muna
Trog
Uskayaw
Vehumet
Wu Jian
Xom
Yredelemnul
Zin
The Shining One

Shops:
D:5 [


Innate Abilities, Weirdness & Mutations

((You have razor-sharp teeth.))
Your natural rate of healing is unusually fast.
When hurt, damage is shared between your health and your magic reserves.
((Your bite disrupts and absorbs the magic of your enemies.))
Potions cannot restore your health.
You are immune to rotting.


Message History

The killer bee stings you but does no damage. x2
The killer bee stings your killer bee.
Your killer bee stings the killer bee.
The killer bee stings you but does no damage. x2
The killer bee misses your killer bee. The killer bee stings your killer bee.
Evoke which item? (* to show all) (? for menu, Esc to quit)
Aiming: Paralyse
Press: ? - help, Shift-Dir - straight line, f - killer bee, p - killer bee
Aim: a killer bee (chance to defeat MR: 54%)
Your attack snaps the killer bee out of its fear.
The killer bee resists with significant effort.
You feel sick.
The killer bee seems to regain its courage.
Your killer bee stings the killer bee.
Your killer bee's attack snaps the killer bee out of its fear.
The killer bee stings you but does no damage.
The killer bee stings you. The killer bee stings your killer bee.
The killer bee stings your killer bee but does no damage.
Your killer bee misses the killer bee.
The killer bee barely misses you. The killer bee stings you.
You die...

##....# #8.^..# ....
#.....#.....
+..>..#..... #####
#....##.... ......
#8.........
......########.....#####
......y............#....
......y♣...........#....
.....yy†...........#....
....yy....>........#...<
.###.##............#....
... #.......[....'....
#%. #............#...<
#. ##############.... #y
.........##....
.........###'##


You could see 6 killer bees and a friendly killer bee.

Vanquished Creatures
  Erolcha (D:9)
  Pikel (D:7)
  Grinder (D:4)
  The ghost of galech the Chopper, an amateur DsFi (D:4)
  Sigmund (D:3)
  Eustachio (D:4)
  A hungry ghost (D:8)
  An orc warrior (D:7)
  A sky beast (D:7)
  2 phantoms
  5 ogres
  4 ice beasts
  2 necrophages
  7 big kobolds
  6 bullfrogs
  4 scorpions
  5 killer bees (D:9)
  2 crimson imps (D:5)
  A bullfrog zombie (D:2)
  2 jellies (D:7)
  2 orc priests
  4 hounds
  2 centaur skeletons
  A bullfrog skeleton (D:7)
  An orc wizard (D:6)
  Jessica (D:2)
  Ijyb (D:3)
  Terence (D:2)
  Natasha (thrice) (D:2)
  6 worker ants
  A hound skeleton (D:6)
  A howler monkey zombie (D:7)
  Robin (D:2)
  A gnoll (D:1)
  A howler monkey skeleton (D:6)
  13 adders
  2 river rats
  2 shadow imps
  4 oozes
  6 worms
  2 dart slugs (D:2)
  A leopard gecko (D:1)
  22 orcs
  10 ball pythons
  4 giant cockroaches
  19 goblins
  5 hobgoblins
  7 jackals
  7 quokkas
  10 bats
  5 frilled lizards
  A giant cockroach zombie (D:3)
  13 kobolds
  A leopard gecko zombie (D:5)
  7 rats
217 creatures vanquished.

Vanquished Creatures (others)
  2 slaves (D:7)
2 creatures vanquished.

Grand Total: 219 creatures vanquished

Notes
Turn   | Place    | Note
-------+----------+-------------------------------------------
     0 | D:1      | emperorscorpion the Vine Stalker Skald began the quest for
                  | the Orb.
     0 | D:1      | Reached XP level 1. HP: 11/11 MP: 4/4
    50 | D:2      | Reached XP level 2. HP: 2/15 MP: 0/6
   450 | D:1      | Reached skill level 2 in Short Blades
   922 | D:1      | Reached XP level 3. HP: 17/18 MP: 4/7
   954 | D:1      | Learned a level 3 spell: Regeneration
  1427 | D:2      | Reached skill level 1 in Armour
  1693 | D:2      | Learned a level 3 spell: Spectral Weapon
  1694 | D:2      | Noticed Natasha
  1705 | D:2      | Killed Natasha
  1705 | D:2      | Gained mutation: Your natural rate of healing is unusually
                  | fast. [Vine Stalker growth]
  1705 | D:2      | Reached XP level 4. HP: 17/23 MP: 1/8
  1727 | D:2      | Noticed Robin
  1978 | D:2      | Found a shattered altar of Ashenzari.
  2017 | D:2      | Reached skill level 3 in Short Blades
  2017 | D:2      | Reached XP level 5. HP: 20/27 MP: 6/9
  2075 | D:2      | Noticed Natasha
  2085 | D:2      | Killed Natasha
  2130 | D:2      | Noticed Terence
  2151 | D:2      | Killed Terence
  2342 | D:2      | Noticed Jessica
  2355 | D:2      | Killed Jessica
  2497 | D:2      | Killed Robin
  2497 | D:2      | Reached XP level 6. HP: 30/32 MP: 4/11
  2728 | D:3      | Noticed Ijyb
  2763 | D:3      | Killed Ijyb
  2833 | D:3      | Noticed Sigmund
  2847 | D:2      | Noticed Natasha
  2854 | D:2      | Killed Natasha
  2985 | D:3      | Killed Sigmund
  2985 | D:3      | Reached skill level 1 in Stealth
  2985 | D:3      | Reached skill level 1 in Hexes
  2985 | D:3      | Reached XP level 7. HP: 13/35 MP: 5/12
  3225 | D:3      | Found a glowing drain.
  3233 | Sewer    | Entered a sewer
  3476 | Sewer    | Reached skill level 4 in Short Blades
  3720 | Sewer    | Gained mutation: You have razor-sharp teeth. [Vine Stalker
                  | growth]
  3720 | Sewer    | Reached XP level 8. HP: 40/40 MP: 12/14
  4551 | D:4      | Noticed Grinder
  4566 | D:4      | Reached skill level 5 in Short Blades
  4600 | D:4      | Paralysed by Grinder for 3 turns
  4641 | D:4      | Killed Grinder
  4772 | D:4      | Found a transporter.
  4775 | D:4      | Noticed galech's ghost (amateur DsFi)
  4775 | D:4      | Identified the cursed +0 dire flail of Absolution {protect,
                  | +Fly SInv}
  4777 | D:4      | Found a transporter.
  4807 | D:4      | Found a staircase to the Ecumenical Temple.
  4819 | Temple   | Entered the Ecumenical Temple
  5041 | Temple   | Became a worshipper of Warmaster Okawaru
  5166 | D:4      | Noticed Eustachio
  5179 | D:4      | Killed Eustachio
  5179 | D:4      | Reached XP level 9. HP: 45/45 MP: 13/16
  5533 | D:4      | Killed galech's ghost
  5587 | D:5      | Entered Level 5 of the Dungeon
  5627 | D:5      | Reached * piety under Okawaru
  5660 | D:5      | Found Teeg's Armour Shop.
  5674 | D:5      | Reached skill level 6 in Short Blades
  5720 | D:5      | Found a bloodstained altar of Trog.
  6103 | D:5      | Reached skill level 5 in Fighting
  6544 | D:5      | Found a deep blue altar of Sif Muna.
  6820 | D:6      | Reached skill level 5 in Stealth
  7298 | D:7      | Noticed Pikel
  7310 | D:7      | Killed Pikel
  7310 | D:7      | Reached ** piety under Okawaru
  7310 | D:7      | Reached XP level 10. HP: 46/51 MP: 17/17
  7755 | D:7      | Found a basalt altar of Yredelemnul.
  7886 | D:7      | Found a glowing golden altar of the Shining One.
  7888 | D:7      | Noticed an angel
  8031 | D:7      | Reached skill level 7 in Short Blades
  8031 | D:7      | Reached skill level 5 in Dodging
  8177 | D:8      | Found a radiant altar of Vehumet.
  8319 | D:8      | Found a snail-covered altar of Cheibriados.
  8433 | D:8      | Found a glowing golden altar of the Shining One.
  8733 | D:9      | Noticed Erolcha
  8746 | D:9      | Killed Erolcha
  8746 | D:9      | Reached *** piety under Okawaru
  8841 | D:9      | Reached skill level 8 in Short Blades
  8927 | D:9      | Found a staircase to the Orcish Mines.
  8961 | D:9      | HP: 3/79 [killer bee (2)]
  8963 | D:9      | Slain by a killer bee

Levels and vault maps discovered:
D:1:      dpeg_arrival_water_temple_mockup, layout_basic
D:2:      layout_basic, ashenzari_altar_1, uniq_robin, uniq_natasha,
          uniq_jessica, uniq_terence
D:3:      kennysheep_the_goblin_king, layout_rooms, lightli_sewer_entry_pipes,
          serial_bayou_ford_a, uniq_sigmund
D:4:      layout_loops_ring, minmay_temple_entry_drinking_statues,
          gammafunk_ghost_smash, uniq_grinder, uniq_eustachio
D:5:      layout_basic, lemuel_blue_sif_altar, lightli_temple_of_fire,
          serial_shops, shop, first_ration, minmay_holes, serial_bayou_lagoon_a,
          lemuel_another_geyser
D:6:      layout_loops_cross
D:7:      minmay_general_purpose_star, layout_gridville,
          grunt_temple_overflow_holy_war, uniq_pikel
D:8:      layout_rooms, kennysheep_mini, vehumet_crystals, blue_anna_alchemist
          [blue_anna_fruit_fields, blue_anna_fruit_fields], dk_noncrumbling_2,
          tso_metal_star
D:9:      layout_gridville, grunt_temple_overflow_forces_of_nature,
          lair_entry_dummy, minmay_orc_entry_temple_small, basic_altar,
          special_room [special_room_bee], uniq_erolcha
Temple:   oiseaux_autumnal_temple
Sewer:    sewer_co_tree

Skill      XL: |  1  2  3  4  5  6  7  8  9 10 |
---------------+-------------------------------+-----
Short Blades   | 2 3 4 5 6 8 |  8.0
Fighting       | 2 3 4 5 |  5.9
Armour         | 1 2 3 4 |  4.9
Dodging        | 2 3 4 5 |  5.2
Spellcasting   | 3 4 |  4.2
Stealth        | 1 2 6 7 |  7.1
Hexes          | 1 2 |  2.1
Charms         | 4 |  4.5
Throwing       | |  0.1
Necromancy     | |  0.8

Action                   |  1- 3 |  4- 6 |  7- 9 | 10-12 || total
-------------------------+-------+-------+-------+-------++-------
Melee: Short sword       |   103 |   158 |   118 |       ||   379
       Bite              |    18 |    24 |   145 |    26 ||   213
       Dagger            |       |       |   344 |       ||   344
       Rapier            |       |       |    44 |   150 ||   194
Throw: Tomahawk          |       |       |       |     2 ||     2
 Cast: Infusion          |     6 |     3 |       |       ||     9
       Spectral Weapon   |       |    10 |    30 |     5 ||    45
       Regeneration      |       |       |     2 |     1 ||     3
Evoke: Wand              |       |       |     2 |     2 ||     4
  Use: Scroll            |     1 |     4 |     4 |     7 ||    16
       Potion            |       |       |     3 |     6 ||     9
 Stab: Distracted        |       |     1 |     5 |       ||     6
       Sleeping          |       |       |     5 |     4 ||     9
  Eat: Chunk             |     3 |     6 |    14 |     9 ||    32
       Ration            |       |       |     1 |       ||     1
Armor: Leather armour    |    32 |    63 |    78 |       ||   173
       Ring mail         |       |       |     1 |    40 ||    41
       Skin              |       |       |       |   129 ||   129
Dodge: Dodged            |    68 |   120 |   239 |    71 ||   498

Table legend:
 A = Non-vault XP
 B = Vault XP
 C = Vault XP percentage of total XP
 D = Non-vault monster count
 E = Vault monster count
 F = Vault count percentage of total count
                 A         B        C        D         E       F
            +---------+---------+-------+---------+---------+-------
      Total |    3787 |    4283 |  53.1 |     151 |      66 |  30.4
            +---------+---------+-------+---------+---------+-------
        D:1 |      36 |       2 |   5.3 |      13 |       1 |   7.1
        D:2 |     195 |     132 |  40.4 |      26 |      10 |  27.8
        D:3 |     193 |     318 |  62.2 |      27 |      14 |  34.1
        D:4 |     480 |    1012 |  67.8 |      19 |       5 |  20.8
        D:5 |     745 |       0 |   0.0 |      12 |       0 |   0.0
        D:6 |     433 |       0 |   0.0 |      18 |       0 |   0.0
        D:7 |     661 |     920 |  58.2 |      14 |       4 |  22.2
        D:8 |     517 |     103 |  16.6 |      12 |       1 |   7.7
        D:9 |     527 |    1121 |  68.0 |      10 |       3 |  23.1
      Sewer |       0 |     675 | 100.0 |       0 |      28 | 100.0
            +---------+---------+-------+---------+---------+-------
